 Seeded DCSS version 0.29.1-12-g30fa7ad0bf (webtiles) character file.

Game seed: 1 (custom seed)

77659 Kazon the Carver (level 15, -7/81 HPs)
             Began as a Vine Stalker Fighter on Jan 4, 2023.
             Was the Champion of Makhleb.
             Mangled by a death knight
             ... wielding a +1 halberd of venom
              (18 damage)
             ... on level 14 of the Dungeon on Jan 5, 2023.
             The game lasted 01:36:03 (15728 turns).

Kazon the Carver (Vine Stalker Fighter)            Turns: 15728, Time: 01:36:04

Health: -7/81      AC:  9    Str: 21      XL:     15   Next: 57%
Magic:  0/31       EV: 16    Int:  7 (10) God:    Makhleb [******]
Gold:   563        SH:  9    Dex: 23      Spells: 14/14 levels left

rFire   + + +      SeeInvis .   f - +6 Maxwell's thermic engine {flame, freeze}
rCold   + . .      Faith    .   c - +2 buckler
rNeg    . . .      Spirit   +   T - +0 troll leather armour
rPois   +          Reflect  .   l - +0 helmet
rElec   .          Harm     .   R - scarf {rC+ rF+}
rCorr   .          Rampage  .   (no gloves)
Will    +....                   n - +2 pair of boots
Stlth   ++++++....              Z - amulet "Odemouw" {Contam rPois rF+++ Regen+ Stlth+}
HPRegen 2.63/turn               J - ring of magical power
MPRegen 0.22/turn               r - +6 ring of dexterity

@: lethally poisoned (-7 -> -7)
A: fangs 3, regeneration 1, magic shield, antimagic bite, no potion heal 2
a: Renounce Religion, Minor Destruction, Lesser Servant of Makhleb, Major
Destruction, Greater Servant of Makhleb


You were on level 14 of the Dungeon.
You worshipped Makhleb.
Makhleb was exalted by your worship.
You visited 3 branches of the dungeon, and saw 20 of its levels.
You also visited: Ice Cave.

You collected 1675 gold pieces.
You spent 1112 gold pieces at shops.

Inventory:

Hand Weapons
 e - a +2 dagger of venom
 f - the +6 Maxwell's thermic engine (weapon) {flame, freeze}
   (You found it on level 1 of the Lair of Beasts)

   It burns those it strikes, dealing additional fire damage.
   Big, fiery blades are also staple armaments of hydra-hunters.
   It freezes those it strikes, dealing additional cold damage.
   It can also slow down cold-blooded creatures.
   It becomes more effective when it hits something.
   This effect fades over time.
 s - the +3 falchion of Winter {venom, rCorr}
   (You bought it in a shop on level 3 of the Dungeon)

   It poisons the flesh of those it strikes.
   rCorr:     It protects you from acid and corrosion.
Missiles
 q - 26 boomerangs (quivered)
 t - a throwing net
 B - 5 curare-tipped darts
 M - 44 poisoned darts
 P - 5 datura-tipped darts
Armour
 a - the +6 scale mail "Voetobuo" {Int-3 Dex+8}
   (You found it on level 14 of the Dungeon)

   Int:       It affects your intelligence (-3).
   Dex:       It affects your dexterity (+8).
 c - a +2 buckler (worn)
 i - a +3 troll leather armour {Snorg}
 l - a +0 helmet (worn)
 n - a +2 pair of boots (worn)
 R - a scarf of resistance (worn)
 T - a +0 troll leather armour (worn)
Jewellery
 r - a +6 ring of dexterity (right hand)
 F - a ring of protection from cold
 J - a ring of magical power (left hand)
 Q - a ring of protection from cold
 Z - the amulet "Odemouw" (around neck) {Contam rPois rF+++ Regen+ Stlth+}
   (You bought it in a shop on level 8 of the Dungeon)

   [amulet of regeneration]

   rF:        It renders you almost immune to fire.
   rPois:     It protects you from poison.
   Contam:    It causes magical contamination when unequipped.
   Regen:     It increases your rate of health regeneration.
   Stlth:     It makes you more stealthy.
Wands
 A - a wand of mindburst (31)
 C - a wand of flame (12)
 K - a wand of paralysis (25)
 N - a wand of roots (9)
 S - a wand of polymorph (11)
Scrolls
 j - a scroll of silence
 k - 2 scrolls of summoning
 o - a scroll of identify
 p - 3 scrolls of poison {unknown}
 u - 2 scrolls of brand weapon
 v - 5 scrolls of teleportation
 x - a scroll of magic mapping
 y - a scroll of blinking {unknown}
 z - 4 scrolls of fog
 H - 4 scrolls of enchant weapon
 L - 3 scrolls of fear
 X - 2 scrolls of enchant armour
Potions
 b - 4 potions of berserk rage
 d - 4 potions of might
 g - 4 potions of haste
 h - 3 potions of flight
 m - 3 potions of cancellation
 w - 10 potions of lignification {unknown}
 G - 4 potions of magic
 I - 7 potions of curing
 U - 2 potions of invisibility
 Y - 2 potions of mutation
Miscellaneous
 D - a lightning rod (4/4)
 E - a phantom mirror
 O - a condenser vane
 W - a phial of floods


   Skills:
 * Level 10.9 Fighting
 + Level 5.0(9.2) Short Blades
 + Level 12.0(12.4) Long Blades
 + Level 6.1 Throwing
 + Level 5.9 Armour
 + Level 6.8 Dodging
 + Level 10.2 Stealth
 + Level 8.0 Shields
 + Level 8.0 Invocations
 * Level 9.6 Evocations


You had 14 spell levels left.
You didn't know any spells.
Your spell library contained the following spells:

 Spells                   Type           Power      Damage    Failure   Level
 Apportation              Tloc           0%         N/A       56%         1
 Magic Dart               Conj           0%         1d3       56%         1
 Necrotise                Necr           0%         1d4       56%         1
 Sting                    Tmut/Pois      0%         1d3       56%         1
 Summon Small Mammal      Summ           0%         N/A       56%         1
 Call Imp                 Summ           0%         N/A       71%         2
 Poisonous Vapours        Pois/Air       0%         N/A       71%         2
 Mephitic Cloud           Conj/Pois/Air  0%         N/A       90%         3
 Ozocubu's Armour         Ice            0%         N/A       90%         3
 Animate Armour           Summ/Erth      0%         N/A       100%        4
 Olgreb's Toxic Radiance  Pois           0%         N/A       100%        4
 Blade Hands              Tmut           0%         N/A       100%        5
 Fireball                 Conj/Fire      0%         3d3       100%        5
 Iskenderun's Battlesphe  Conj           0%         2d6       100%        5
 Metabolic Englaciation   Hex/Ice        0%         N/A       100%        5
 Conjure Ball Lightning   Conj/Air       0%         3x3d6     100%        6
 Iron Shot                Conj/Erth      0%         9d1       100%        6
 Simulacrum               Ice/Necr       0%         N/A       100%        6
 Orb of Destruction       Conj           0%         9d5       100%        7
 Ozocubu's Refrigeration  Ice            0%         4d7       100%        7


Dungeon Overview and Level Annotations

Branches:
Dungeon (14/15)            Temple (1/1) D:7            Lair (5/5) D:10
 Shoals (0/4) Lair:3       Spider (0/4) Lair:3        Slime (0/5) Lair:4
    Orc (0/2) D:12         Vaults (0/5) D:13          IceCv (visited)

Altars:
Ashenzari
Dithmenos
Elyvilon
Gozag
Hepliaklqana
Kikubaaqudgha
Makhleb
Okawaru
Qazlal
Uskayaw
Jiyva

Shops:
D:3 (   D:8 ?(==   D:10 :   D:13 !

Annotations:
D:14 3 runed translucent doors, Ytheofip's ghost, journeyman FoFi


Innate Abilities, Weirdness & Mutations

You have razor-sharp teeth.
Your natural rate of healing is unusually fast.
When hurt, damage is shared between your health and your magic reserves.
Your bite disrupts and absorbs the magic of your enemies.
Potions cannot restore your health.


Message History

The skeletal warrior hits you from afar with a +0 trident!
The death knight hits you from afar with a +1 halberd of venom!!
The grasping roots constrict the death knight!
The grasping roots constrict the skeletal warrior.
The death knight reflects your damage back at you!
Your neqoxec hits the skeletal warrior.
The skeletal warrior completely misses you.
Ytheofip's ghost stares at you. The death knight misses you.
You slash the skeletal warrior! You burn the skeletal warrior.
You freeze the skeletal warrior.
The skeletal warrior is moderately damaged.
The grasping roots constrict the death knight.
The grasping roots constrict the skeletal warrior.
The death knight reflects your damage back at you!
Your neqoxec hits the skeletal warrior but does no damage.
You slash the skeletal warrior! You burn the skeletal warrior.
You freeze the skeletal warrior.
The skeletal warrior is heavily damaged.
The grasping roots constrict the death knight.
The grasping roots constrict the skeletal warrior!
The wind drake changes into something you cannot see!
The roots release their grip on the death knight.
The death knight reflects your damage back at you!
The skeletal warrior hits you with a +0 trident!!
The death knight hits you with a +1 halberd of venom!!
* * * LOW HITPOINT WARNING * * *
You are poisoned.
You hit the skeletal warrior but do no damage.
You bite the skeletal warrior, but do no damage.
The skeletal warrior is severely damaged.
The grasping roots constrict the skeletal warrior!
You feel very sick.
The death knight's dark mirror aura disappears.
You block the skeletal warrior's attack.
The death knight closely misses you.
Your neqoxec hits the skeletal warrior but does no damage.
The death knight attacks as you move away!
The death knight hits you with a +1 halberd of venom!!
You die...

..........##
.#......# #....
.............
........ #....
^............ ......
+....
.......#########....
#....
.......#Z......#..^
#.... #####..#CY#
#..#..##+# #....
#..#.:###.C+W.#..
#....
##..#.[....{+pz#.#
#.>..
#...#.!###ZW+@3#.#
##+##
#...#.○###ZH#....#
#...#R....Rk#..'#####
#...#########.......#
#..................=#
#...................#
#..########.........#
#.## ##.......... #.
#........##.


You could see a death knight, a skeletal warrior (distracted, rooted, ally
target), a lindwurm shaped shifter, a cyclops, a freezing wraith, a harpy, an
efreet, Ytheofip's ghost, 2 centaur warrior simulacra and a friendly neqoxec
(summoned, slow).

Vanquished Creatures
  Rupert (D:12)
  A very ugly thing (IceCv)
  Nessos (D:12)
  Snorg (D:14)
  A fire dragon (D:13)
  Fannar (Lair:2)
  3 hydras
  A caustic shrike simulacrum (IceCv)
  Erolcha (D:10)
  4 catoblepae
  2 boulder beetles (D:14)
  A vault guard (D:13)
  3 centaur warriors (D:13)
  3 two-headed ogres
  10 death yaks
  4 skeletal warriors (D:13)
  A fire crab (D:13)
  Lodul (D:12)
  3 spriggan simulacra (D:14)
  A wizard (D:14)
  2 orange crystal statues (IceCv)
  3 cyclopes
  A deep elf pyromancer (D:13)
  6 ugly things
  5 elephants (Lair:4)
  4 manticores
  5 black mambas
  A cane toad (shapeshifter) (D:13)
  11 cane toads
  Maggie (D:6)
  4 rime drakes
  2 unseen horrors
  A freezing wraith (IceCv)
  4 kobold demonologists (D:11)
  An anaconda simulacrum (IceCv)
  15 komodo dragons
  A tengu conjurer (D:12)
  An efreet (D:14)
  4 trolls
  3 golden dragon simulacra (IceCv)
  Prince Ribbit (D:9)
  A polar bear (Lair:4)
  17 blink frogs
  5 dream sheep (Lair:4)
  A snapping turtle (Lair:3)
  2 shadows
  2 vampires
  2 dire elephant simulacra (IceCv)
  2 wraiths (D:12)
  63 yaks
  2 fire elementals
  5 wyverns
  Eustachio (D:5)
  2 steam dragons
  4 basilisks
  6 vampire mosquitoes
  3 minotaur simulacra (D:14)
  Menkaure (D:5)
  Edmund (D:6)
  An acid dragon (D:10)
  4 harpy simulacra (IceCv)
  4 hydra simulacra (IceCv)
  16 water moccasins
  2 hell hounds
  5 orc warriors
  An alligator simulacrum (IceCv)
  An ice beast (D:8)
  5 sky beasts
  2 black bears (D:6)
  5 centaurs
  7 ogres
  A wolf (D:10)
  2 phantoms (D:6)
  3 kobold brigands
  3 necrophages
  6 bullfrogs
  2 deep troll simulacra (D:14)
  A gnoll sergeant (D:7)
  10 scorpions
  21 wights
  3 killer bees (D:10)
  2 electric eels
  2 lindwurm simulacra (IceCv)
  A howler monkey (D:5)
  2 jellies (D:6)
  6 hounds
  7 orc priests
  A gnoll bouda (D:7)
  6 iguanas
  4 orc wizards
  4 hell rats (Lair:3)
  Robin (D:3)
  15 gnolls
  13 adders
  3 shadow imps
  2 white imps (D:7)
  An ufetubus (D:5)
  4 worms
  35 orcs
  11 endoplasms
  3 giant cockroaches
  16 goblins
  9 hobgoblins
  A jackal (D:4)
  27 kobolds
  A quokka (D:1)
  5 ball pythons
  4 bats
  3 frilled lizards
  6 rats
540 creatures vanquished.

Vanquished Creatures (collateral kills)
  A very ugly thing (IceCv)
  2 freezing wraiths
  A basilisk (Lair:1)
  An acid dragon (D:11)
  An electric eel (Lair:2)
6 creatures vanquished.

Vanquished Creatures (others)
  An orc (D:7)
  A quokka (D:7)
  24 fungi
  37 plants
63 creatures vanquished.

Grand Total: 609 creatures vanquished

Notes
Turn   | Place    | Note
-------+----------+-------------------------------------------
     0 | D:1      | Kazon the Vine Stalker Fighter began the quest for the Orb.
     0 | D:1      | Reached XP level 1. HP: 11/11 MP: 2/2
    33 | D:1      | Identified a scroll of acquirement
    33 | D:1      | Acquired a +6 ring of dexterity
   115 | D:1      | Reached XP level 2. HP: 15/16 MP: 3/3
   447 | D:1      | Reached skill level 2 in Long Blades
   651 | D:2      | Reached XP level 3. HP: 13/19 MP: 1/4
   804 | D:2      | Reached skill level 1 in Stealth
  1233 | D:2      | Gained mutation: Your natural rate of healing is unusually
                  | fast. [Vine Stalker growth]
  1233 | D:2      | Reached XP level 4. HP: 9/23 MP: 2/5
  1419 | D:3      | Found Umat's Antique Weapon Boutique.
  1446 | D:3      | Bought a crude falchion for 184 gold pieces
  1446 | D:3      | Identified the +3 falchion of Winter {venom, rCorr} (You
                  | bought it in a shop on level 3 of the Dungeon)
  1647 | D:3      | Reached XP level 5. HP: 24/28 MP: 6/6
  1750 | D:3      | Noticed Robin
  1751 | D:3      | Reached skill level 1 in Throwing
  1762 | D:3      | Killed Robin
  1859 | D:3      | Reached skill level 5 in Fighting
  1859 | D:3      | Reached skill level 4 in Long Blades
  1859 | D:3      | Reached skill level 5 in Stealth
  1859 | D:3      | Reached XP level 6. HP: 35/35 MP: 7/7
  2044 | D:4      | Reached skill level 5 in Shields
  2256 | D:4      | Reached skill level 5 in Long Blades
  2350 | D:4      | Reached XP level 7. HP: 39/39 MP: 6/8
  2654 | D:4      | Found a hazy altar of Hepliaklqana.
  2888 | D:5      | Entered Level 5 of the Dungeon
  2913 | D:5      | Noticed Eustachio
  2917 | D:5      | Killed Eustachio
  2932 | D:5      | Gained mutation: You have razor-sharp teeth. [Vine Stalker
                  | growth]
  2932 | D:5      | Reached XP level 8. HP: 43/43 MP: 7/9
  2978 | D:5      | Reached skill level 1 in Evocations
  3146 | D:5      | Noticed Menkaure
  3167 | D:5      | Killed Menkaure
  3813 | D:6      | Reached XP level 9. HP: 35/47 MP: 6/10
  3989 | D:6      | Reached skill level 5 in Armour
  4019 | D:6      | Noticed Maggie
  4039 | D:6      | Killed Maggie
  4129 | D:7      | Found a staircase to the Ecumenical Temple.
  4138 | Temple   | Entered the Ecumenical Temple
  4143 | Temple   | Became a worshipper of Makhleb the Destroyer
  4210 | D:7      | Found a hide-covered altar of Uskayaw.
  4293 | D:6      | Reached skill level 6 in Long Blades
  4336 | D:6      | Reached skill level 1 in Invocations
  4342 | D:6      | Reached * piety under Makhleb
  4394 | D:6      | Noticed Edmund
  4403 | D:6      | Killed Edmund
  4404 | D:6      | Reached XP level 10. HP: 52/52 MP: 12/12
  4907 | D:7      | Found a white marble altar of Elyvilon.
  5081 | D:7      | Reached ** piety under Makhleb
  5319 | D:8      | Found Quzidd's Magic Scroll Emporium.
  5340 | D:8      | Bought a scroll of teleportation for 42 gold pieces
  5450 | D:8      | Found Esumer's Weapon Shop.
  5548 | D:8      | Found Heidghoki's Jewellery Shop.
  5911 | D:8      | Found Zoxtaeshakh's Jewellery Boutique.
  6247 | D:9      | Reached skill level 7 in Long Blades
  6261 | D:9      | Noticed Prince Ribbit
  6279 | D:9      | Killed Prince Ribbit
  6633 | D:9      | Noticed a two-headed ogre
  6640 | D:9      | Killed a two-headed ogre
  6641 | D:9      | Reached XP level 11. HP: 49/56 MP: 14/14
  6719 | D:10     | Entered Level 10 of the Dungeon
  6777 | D:10     | Reached *** piety under Makhleb
  7077 | D:10     | Found a staircase to the Lair.
  7174 | D:10     | Reached skill level 5 in Throwing
  7219 | D:10     | Noticed Erolcha
  7221 | D:10     | Killed Erolcha
  7240 | D:10     | Identified the +5 long sword of the Land of Plenty {drain,
                  | Dex+3}
  7245 | D:10     | Found Juagoaq's Book Shoppe.
  7563 | D:10     | Reached skill level 5 in Evocations
  7564 | D:10     | Reached **** piety under Makhleb
  7565 | D:10     | Reached skill level 5 in Invocations
  7858 | D:11     | Noticed a green ugly thing
  7869 | D:11     | Killed a green ugly thing
  8070 | D:11     | Reached XP level 12. HP: 63/63 MP: 17/17
  8772 | D:12     | Noticed a two-headed ogre
  8792 | D:12     | Killed a two-headed ogre
  9028 | D:12     | Reached skill level 8 in Long Blades
  9028 | D:12     | Reached skill level 5 in Dodging
  9031 | D:12     | Noticed Lodul
  9048 | D:12     | Killed Lodul
  9290 | D:8      | Bought the amulet "Odemouw" {Contam rPois rF+++ Regen+
                  | Stlth+} for 734 gold pieces
  9360 | Lair:1   | Entered Level 1 of the Lair of Beasts
  9479 | Lair:1   | Found the +2 Maxwell's thermic engine {flame, freeze}
 10049 | Lair:2   | Noticed a catoblepas
 10063 | Lair:2   | Noticed Fannar
 10065 | Lair:2   | Killed a catoblepas
 10066 | Lair:2   | Reached XP level 13. HP: 68/68 MP: 18/18
 10079 | Lair:2   | Killed Fannar
 10080 | Lair:2   | Reached skill level 9 in Long Blades
 10926 | Lair:3   | Found a hole to the Spider Nest.
 11135 | Lair:3   | Found an ancient bone altar of Kikubaaqudgha.
 11259 | Lair:3   | Reached ***** piety under Makhleb
 11354 | Lair:3   | Found a staircase to the Shoals.
 11681 | Lair:4   | Reached skill level 5 in Short Blades
 12054 | Lair:4   | Identified the +3 battleaxe "Adididghufym" {antimagic, rF+
                  | Will+}
 12207 | Lair:4   | Found a viscous altar of Jiyva.
 12208 | Lair:4   | Found a staircase to the Slime Pits.
 12308 | Lair:5   | Entered Level 5 of the Lair of Beasts
 12434 | Lair:5   | Reached skill level 10 in Long Blades
 12438 | Lair:5   | Reached XP level 14. HP: 75/75 MP: 20/20
 13438 | Lair:5   | Reached skill level 10 in Stealth
 13844 | D:12     | Noticed Nessos
 13847 | D:12     | Killed Nessos
 13904 | D:12     | Found a staircase to the Orcish Mines.
 13999 | D:12     | Noticed Rupert
 14001 | D:12     | Killed Rupert
 14002 | D:12     | Reached skill level 11 in Long Blades
 14048 | D:13     | Noticed Azrael
 14058 | D:12     | Reached skill level 10 in Fighting
 14185 | D:13     | Found Ituota Roil's Distillery.
 14188 | D:13     | Bought a potion of berserk rage for 95 gold pieces
 14188 | D:13     | Bought a potion of curing for 57 gold pieces
 14813 | D:13     | Reached ****** piety under Makhleb
 14822 | D:13     | Reached XP level 15. HP: 80/81 MP: 21/21
 14831 | D:13     | Found a gate to the Vaults.
 15075 | D:14     | Found a frozen archway.
 15144 | IceCv    | Entered an ice cave
 15498 | D:14     | Identified the +6 scale mail "Voetobuo" {Int-3 Dex+8}
 15516 | D:14     | Reached skill level 12 in Long Blades
 15553 | D:14     | Noticed Snorg
 15566 | D:14     | Killed Snorg
 15687 | D:14     | Noticed Ytheofip's ghost (journeyman FoFi)
 15696 | D:14     | Found a runed translucent gate.
 15696 | D:14     | Found a runed translucent gate.
 15697 | D:14     | Found a runed translucent gate.
 15728 | D:14     | Mangled by a death knight

Illustrated notes

Levels and vault maps discovered:
D:1:      dpeg_arrival_three_smaller_balls, layout_basic
D:2:      layout_loops_ring
D:3:      layout_basic, serial_shops, nicolae_shop_stone, st_stairs_9,
          minmay_misc_feat_doors, eino_curves_03, uniq_robin
D:4:      minmay_wonky_spiral, layout_basic,
          mainiacjoe_overflow_surrounded_room, minivault_5
D:5:      layout_cave_pods, uniq_menkaure, uniq_eustachio
D:6:      cheibrodos_barr_body, layout_basic, minmay_crystal_room,
          minmay_pentangle, uniq_maggie, uniq_edmund
D:7:      layout_cave_pools, nicolae_uskayaw_murder_on_the_dancefloor,
          elyvilon_altar_4, minmay_temple_entry_purple_smoke
D:8:      layout_basic, serial_shops, shop_statue, kennysheep_little_box, shop,
          nicolae_shop_window_shopping
D:9:      layout_cave_pools, uniq_prince_ribbit1
D:10:     layout_stronghold, erik_lair_island, serial_shops,
          nicolae_shop_statue_plus, uniq_erolcha
D:11:     layout_roguey
D:12:     layout_loops_ring, orc_0_dummy, chequers_serial_rivers_marsh,
          uniq_lodul, uniq_nessos, uniq_rupert
D:13:     layout_gridville, david_vaults_5, serial_shops,
          nicolae_shop_behind_doors, minmay_fractal_squares_gapless_5,
          uniq_azrael
D:14:     layout_roguey, minmay_misc_feat_secret_circle, gammafunk_ghost_split,
          portal_ice_cave_entry_ice_simulacra, uniq_snorg
Temple:   nicolae_temple_bog_church
Lair:1:   layout_long_grid, fungi_pond_lemuel, cheibrodos_lair_reptile_den
Lair:2:   layout_gridlike, uniq_fannar
Lair:3:   layout_roguey, minmay_shoals_entry_hut,
          nicolae_spider_entry_non_spiders, basic_altar, serial_bayou_crossing
Lair:4:   layout_gridlike, slime_entry_1, serial_rivers,
          chequers_serial_rivers_room_a, chequers_serial_rivers_micro_c,
          chequers_serial_rivers_room_a, chequers_serial_rivers_micro_e,
          minivault_27, grunt_megastairs_3, infiniplex_staircase_pool_2
Lair:5:   evilmike_catoblepas_cave, layout_long_grid

Skill      XL: |  1  2  3  4  5  6  7  8  9 10 11 12 13 14 15 |
---------------+----------------------------------------------+-----
Shields        | 3 4 5 6 7 8 |  8.0
Long Blades    | 2 4 5 6 7 8 10 11 12 | 12.0
Stealth        | 1 5 6 7 8 9 10 | 10.2
Fighting       | 3 5 7 8 9 10 | 10.9
Armour         | 3 4 5 |  5.9
Throwing       | 3 4 5 6 |  6.1
Short Blades   | 3 4 5 |  5.0
Dodging        | 3 4 5 6 |  6.8
Evocations     | 2 3 4 5 6 7 9 |  9.6
Invocations    | 1 3 5 6 7 8 |  8.0

Action                   |  1- 3 |  4- 6 |  7- 9 | 10-12 | 13-15 || total
-------------------------+-------+-------+-------+-------+-------++-------
Melee: Long sword        |    64 |       |       |   121 |       ||   185
       Bite              |    15 |    24 |    86 |   214 |   276 ||   615
       Dagger            |     6 |    74 |   101 |   110 |   108 ||   399
       Falchion          |       |    14 |   141 |   236 |    21 ||   412
       Rapier            |       |       |    17 |    39 |       ||    56
       Double sword      |       |       |       |    12 |   561 ||   573
Throw: Stone             |       |    22 |    13 |    17 |       ||    52
       Boomerang         |       |       |       |    37 |    24 ||    61
       Dart              |       |       |       |    12 |    22 ||    34
Invok: Minor Destruction |       |       |       |    88 |    66 ||   154
       Lesser Servant of |       |       |       |     2 |     6 ||     8
       Greater Servant o |       |       |       |       |     1 ||     1
Evoke: Wand              |       |       |     4 |     7 |    36 ||    47
       Condenser vane    |       |       |       |     1 |     1 ||     2
       Phial of floods   |       |       |       |       |     1 ||     1
       Lightning rod     |       |       |       |       |     3 ||     3
  Use: Scroll            |     1 |       |     3 |     2 |    16 ||    22
       Potion            |       |     1 |     1 |     2 |     2 ||     6
 Stab: Sleeping          |       |     1 |     7 |    22 |    14 ||    44
       Distracted        |       |       |       |     2 |     3 ||     5
       Paralysed         |       |       |       |     5 |       ||     5
Armor: Scale mail        |    25 |    14 |    13 |       |       ||    52
       Leather armour    |       |       |    68 |    31 |       ||    99
       Troll leather arm |       |       |       |    52 |   136 ||   188
Dodge: Dodged            |    34 |    41 |   139 |   237 |   354 ||   805
Block: Buckler           |    17 |    13 |    76 |   127 |   278 ||   511
